 Dungeon Crawl Stone Soup version 0.29.1-2-gbd0b4ee654 (webtiles) character file.

Game seed: 14046662400558690580

373 Atarun the Grappler (level 6, 0/59 HPs)
             Began as a Troll Fighter on Nov 9, 2022.
             Slain by an endoplasm (1 damage)
             ... in a sewer.
             The game lasted 00:12:50 (2025 turns).

Atarun the Grappler (Troll Fighter)                 Turns: 2025, Time: 00:12:52

Health: 0/59       AC:  4    Str: 24    XL:     6   Next: 43%
Magic:  14/14      EV:  9    Int:  8    God:
Gold:   128        SH:  8    Dex: 10    Spells: 5/5 levels left

rFire   . . .      SeeInvis .     - Unarmed
rCold   . . .      Faith    .   b - +1 kite shield
rNeg    . . .      Spirit   .   a - +0 robe
rPois   .          Reflect  .   (helmet restricted)
rElec   .          Harm     .   (no cloak)
rCorr   .          Rampage  .   (gloves unavailable)
Will    .....                   (boots unavailable)
Stlth   +.........              (no amulet)
HPRegen 0.99/turn               d - ring of magical power
MPRegen 0.14/turn               (no ring)

@: very slow
A: large, unfitting armour, claws 3, regeneration 1, shaggy fur 1, tough skin 1,
antennae 1, hooves 1, clever 1, deterioration 1
a: no special abilities


You were in a sewer.
You visited 1 branch of the dungeon, and saw 3 of its levels.
You also visited: Sewer.

You collected 128 gold pieces.

Inventory:

Armour
 a - a +0 robe (worn)
 b - a +1 kite shield (worn)
Jewellery
 d - a ring of magical power (left claw)
Wands
 e - a wand of flame (22)
Scrolls
 f - 3 scrolls of identify
 h - a scroll of teleportation
 i - a scroll of fog {unknown}
Potions
 c - a potion of might
 g - a potion of haste {unknown}


   Skills:
 + Level 2.8 Fighting
 + Level 3.2 Dodging
 + Level 3.3 Shields
 + Level 9.9 Unarmed Combat


You had 5 spell levels left.
You didn't know any spells.
Your spell library was empty.

Dungeon Overview and Level Annotations

Branches:
Dungeon (3/15)              Sewer (1/1)

Altars:
Elyvilon

Annotations:
D:3 Jessica


Innate Abilities, Weirdness & Mutations

You are too large for most types of armour.
You have claws for hands.
Your natural rate of healing is unusually fast.
You are covered in fur. (AC +1)
You have tough skin. (AC +1)
You have a pair of small antennae on your head.
You have large cloven feet.
Your mind is acute. (Int +4, Str/Dex -1)
Your body sometimes deteriorates upon taking damage.


Message History

The ball python barely misses you.
The ball python bites you but does no damage.
The adder bites you but does no damage. The bullfrog hits you.
The bullfrog misses you.
You closely miss the ball python. You kick the ball python.
You kill the ball python!
You feel sick. The adder barely misses you. The bullfrog closely misses you.
The ball python barely misses you. The bullfrog hits you.
You closely miss the ball python. Your kick misses the ball python.
You feel sick. The bullfrog closely misses you. You block the adder's attack.
The bullfrog hits you. The ball python bites you.
The bullfrog hits you but does no damage.
The adder closely misses you. The bullfrog barely misses you.
You scratch the ball python.
You kill the ball python!
You feel sick.
You are no longer poisoned.
The bullfrog hits you but does no damage.
The bullfrog completely misses you. You block the adder's attack.
You barely miss the adder. The bullfrog hits you.
The bullfrog closely misses you. You block the adder's attack.
The bullfrog hits you.
You miss the adder. Your kick misses the adder. The bullfrog hits you!
* * * LOW HITPOINT WARNING * * *
The adder barely misses you.
The endoplasm splashes around in the water.
You block the bullfrog's attack. x2
You scratch the adder but do no damage. The adder bites you.
* * * LOW HITPOINT WARNING * * *
The bullfrog hits you but does no damage.
The bullfrog barely misses you.
The endoplasm hits you but does no damage.
You closely miss the adder. Your kick misses the adder. The bullfrog hits you.
* * * LOW HITPOINT WARNING * * *
The adder bites you.
* * * LOW HITPOINT WARNING * * *
The bullfrog hits you.
* * * LOW HITPOINT WARNING * * *
The endoplasm hits you.
You die...

#......
#......#
##......
......#
#......#
##~.~~.#
#...~~##
#~~~≈~~#
#~~~~~~#
#~≈~~~~#
#~~~≈≈≈#
#≈~~~~≈#
#~~~~≈≈#
#≈~FJS≈#
#~~~~~≈#
#~#†@F≈#
#≈~~~~~#
#~~#†≈≈#
#≈≈~~~~#
#~.~≈≈≈#
#≈≈~~~~#
#~.~≈≈≈#
##...~≈#
#~~≈~≈≈#
#≈~.)~~#
#~#~~≈≈#
#≈..~~##
#≈~~~~≈#
#~~~~≈≈#
#≈~~~~≈#
#~~~≈≈≈#
#≈~~~~≈#
#~~†~~≈#


You could see 2 bullfrogs, an adder and an endoplasm.

Vanquished Creatures
  4 wights (D:3)
  5 adders
  3 river rats (Sewer)
  2 worms (D:2)
  2 dart slugs
  12 ball pythons
  6 endoplasms
  2 giant cockroaches
  2 goblins (D:1)
  A hobgoblin (D:3)
  4 jackals (D:2)
  2 quokkas (D:1)
  3 bats
  A frilled lizard (D:2)
  8 kobolds
  20 rats
77 creatures vanquished.

Notes
Turn   | Place    | Note
-------+----------+-------------------------------------------
     0 | D:1      | Atarun the Troll Fighter began the quest for the Orb.
     0 | D:1      | Reached XP level 1. HP: 22/22 MP: 0/0
   199 | D:1      | Reached XP level 2. HP: 26/29 MP: 1/1
   318 | D:1      | Reached skill level 9 in Unarmed Combat
   318 | D:1      | Reached XP level 3. HP: 36/36 MP: 2/2
  1221 | D:2      | Reached XP level 4. HP: 44/44 MP: 3/3
  1422 | D:3      | Reached XP level 5. HP: 50/50 MP: 4/4
  1429 | D:3      | Reached XP level 6. HP: 32/59 MP: 5/5
  1485 | D:3      | Found a white marble altar of Elyvilon.
  1487 | D:3      | Noticed Jessica
  1775 | D:3      | Found a glowing drain.
  1791 | Sewer    | Entered a sewer
  1921 | Sewer    | Gained mutation: You have a pair of small antennae on your
                  | head. [potion of mutation]
  1921 | Sewer    | Gained mutation: You have large cloven feet. [potion of
                  | mutation]
  1921 | Sewer    | Gained mutation: Your body sometimes deteriorates upon
                  | taking damage. [potion of mutation]
  1921 | Sewer    | Gained mutation: Your mind is acute. (Int +4, Str/Dex -1)
                  | [potion of mutation]
  2025 | Sewer    | HP: 1/59 [bullfrog (5)]
  2025 | Sewer    | Slain by an endoplasm

Illustrated notes

Levels and vault maps discovered:
D:1:      spicycebolla_arrival_transporter_tutorial, layout_basic,
          hangedman_decor_points
D:2:      layout_basic
D:3:      minmay_octagon_keep, layout_basic, amcnicky_altar_gilded,
          basic_ecumenical_altar, portal_sewer_entry_b, minmay_misc_feat_x,
          uniq_jessica
Sewer:    sewer_minmay_w

Skill      XL: |  1  2  3  4  5 |
---------------+----------------+-----
Unarmed Combat | 9 |  9.9
Shields        | 3 |  3.3
Dodging        | 3 |  3.2
Fighting       | |  2.8

Action                   |  1- 3 |  4- 6 || total
-------------------------+-------+-------++-------
Melee: Unarmed           |    85 |    94 ||   179
       Kick              |       |     7 ||     7
  Use: Potion            |     4 |     2 ||     6
       Scroll            |     3 |     2 ||     5
Armor: Robe              |    41 |    42 ||    83
Dodge: Dodged            |    39 |    61 ||   100
Block: Kite shield       |    33 |    59 ||    92
